 Dungeon Crawl Stone Soup version 0.16-a0-1083-g6a3eec8 (console) character file.

38 MrRokkomies the Grasshopper (level 3, -4/29 HPs)
             Began as a Demonspawn Warper on Oct 5, 2014.
             Killed from afar by Sigmund (6 damage)
             ... with a puff of flame
             ... on level 2 of the Dungeon.
             The game lasted 00:06:38 (1660 turns).

MrRokkomies the Grasshopper (Demonspawn Warper)     Turns: 1660, Time: 00:06:38

HP  -4/29        AC  5     Str 13      XL: 3   Next: 25%
MP   2/6         EV 16     Int 15      God:
Gold 104         SH  0     Dex 17      Spells:  3 memorised,  1 level left

rFire  . . .     SeeInvis .     a - +0 quarterstaff
rCold  . . .     Clarity  .     b - +0 leather armour
rNeg   . . .     rCorr    .     (no shield)
rPois  .         rRot     .     (helmet restricted)
rElec  .         Spirit   .     (no cloak)
SustAb .         Warding  .     (no gloves)
rMut   .         Stasis   .     l - +0 pair of boots
Gourm  .                        (no amulet)
MR     .....                    (no ring)
                                (no ring)

@: agile, very slightly contaminated, not resistant to hostile enchantments,
unstealthy
A: horns 1, molten scales 1, blurry vision 1, strong 1
a: no special abilities


You were on level 2 of the Dungeon.
You were near starving.

You visited 1 branch of the dungeon, and saw 2 of its levels.

You collected 104 gold pieces.

Inventory:

Hand weapons
 a - a +0 quarterstaff (weapon)
Missiles
 e - 5 tomahawks of dispersal
 i - 38 stones (quivered)
Armour
 b - a +0 leather armour (worn)
 l - a +0 pair of boots (worn)
Comestibles
 f - 4 bread rations
Scrolls
 g - a scroll of identify
Potions
 h - a potion of agility
Books
 c - a book of Spatial Translocations

   Spells                             Type                      Level
   *Apportation                       Translocation                1
   *Blink                             Translocation                2
   *Shroud of Golubria                Charms/Translocation         2
   Portal Projectile                  Translocation                3
   Teleport Other                     Translocation                3
   Passage of Golubria                Translocation                4


   Skills:
 * Level 3.0 Fighting
   Level 1.7 Long Blades
 - Level 0.8 Throwing
 - Level 0.8 Armour
 - Level 1.7 Dodging
 - Level 2.0 Spellcasting
 * Level 3.3 Translocations


You had one spell level left.
You knew the following spells:

 Your Spells              Type           Power        Failure   Level  Hunger
a - Apportation           Tloc           ##........   8%          1    #......
b - Blink                 Tloc           N/A          12%         2    ###....
c - Shroud of Golubria    Chrm/Tloc      #.........   17%         2    ###....


Dungeon Overview and Level Annotations

Branches:
Dungeon (2/15)

Altars:
Ashenzari
Okawaru

Annotations:
D:2 Sigmund


Innate Abilities, Weirdness & Mutations

You are partially covered in molten scales (AC +1).
You have a pair of small horns on your head.
Your vision is a little blurry.
Your muscles are strong. (Str +2)


Message History

You are very lightly contaminated with residual magic.
You feel a wrenching sensation.
You are near starving!
Casting: Blink
Confirm with . or Enter, or press ? or * to list all spells.
You blink.
Drink which item? (? for menu, Esc to quit)
You feel extremely strange.
You feel stronger.
Your vision blurs.
A pair of horns grows on your head!
It was a potion of mutation.
Something hits you.
* * * LOW HITPOINT WARNING * * *
Read which item? (? for menu, Esc to quit)
Blink to where?
Press: ? - help, Dir - move target cursor
As you read the scroll of blinking, it crumbles to dust.
You open the door.
There is an open door here.
A puff of flame appears from out of thin air!
The puff of flame hits you!
You die...

#........# ##...##
#####.##### ##.....##
#<....###.......##
#####...#.##.........#
.>.........'.........+
#####[..#.##.........#
##.##.###.......##
####.# ##.....## # #.#
##.@.## # #.# ##'## #
#.######.# #
#......#.## #
####...#..# #
#.#....### #
#...._...#### #
#............
#...{.....##


There were no monsters in sight!

Vanquished Creatures
  2 worms (D:2)
  4 bats
  A giant cockroach (D:2)
  6 goblins
  4 hobgoblins
  A giant gecko (D:1)
  5 kobolds
23 creatures vanquished.

Notes
Turn   | Place    | Note
--------------------------------------------------------------
     0 | D:1      | MrRokkomies, the Demonspawn Warper, began the quest for the Orb.
     0 | D:1      | Reached XP level 1. HP: 16/16 MP: 3/3
   496 | D:1      | Reached skill level 3 in Translocations
   496 | D:1      | Gained mutation: You are partially covered in molten scales (AC +1). [demonic ancestry]
   496 | D:1      | Reached XP level 2. HP: 20/23 MP: 4/4
   952 | D:1      | Learned a level 2 spell: Blink
   955 | D:1      | Learned a level 2 spell: Shroud of Golubria
  1194 | D:2      | Reached XP level 3. HP: 9/28 MP: 3/6
  1579 | D:2      | Found an iron altar of Okawaru.
  1583 | D:2      | Found a shattered altar of Ashenzari.
  1614 | D:2      | Noticed Sigmund
  1656 | D:2      | Gained mutation: Your muscles are strong. (Str +2) [potion of mutation]
  1656 | D:2      | Gained mutation: Your vision is a little blurry. [potion of mutation]
  1656 | D:2      | Gained mutation: You have a pair of small horns on your head. [potion of mutation]
  1660 | D:2      | Killed from afar by Sigmund

Action                   || total
-------------------------++-------
Melee: Falchion          ||    70
       Quarterstaff      ||    17
Throw: Stone             ||    47
 Cast: Shroud of Golubri ||     2
       Blink             ||     1
  Use: Scroll            ||     4
       Potion            ||     3
  Eat: Chunk             ||     1
